 Dungeon Crawl Stone Soup version 0.29-a0-472-ge5599a681e (webtiles) character file.

Game seed: 7672190134226204109

1566 sammy202020 the Skirmisher (level 8, -10/53 HPs)
             Began as a Gargoyle Fighter on May 22, 2022.
             Mangled by a two-headed ogre
             ... wielding a +0 giant club
              (26 damage)
             ... on level 8 of the Dungeon.
             The game lasted 00:09:33 (4119 turns).

sammy202020 the Skirmisher (Gargoyle Fighter)       Turns: 4119, Time: 00:09:34

Health: -10/53     AC: 19    Str: 19    XL:     8   Next: 90%
Magic:  8/8        EV:  6    Int: 16    God:
Gold:   276        SH: 10    Dex:  9    Spells: 7/7 levels left

rFire   + . .      SeeInvis .   s - +12 whip "Usa Nafo" {venom, rF+ rC- Will+ Int+4}
rCold   x . .      Faith    .   o - +2 kite shield
rNeg    + + +      Spirit   .   w - +3 chain mail {rN+}
rPois   ∞          Reflect  .   (helmet restricted)
rElec   +          Harm     .   v - +0 cloak
rCorr   .          Rampage  .   (no gloves)
Will    ++...                   (no boots)
Stlth   ..........              f - amulet of regeneration
HPRegen 0.97/turn               n - ring of willpower
MPRegen 0.11/turn               q - ring of positive energy

@: no status effects
A: sickness immunity, AC +5, negative energy resistance 1, electricity
resistance, torment resistance 1, petrification resistance, horns 1, wild magic
1
a: no special abilities


You were on level 8 of the Dungeon.
You visited 1 branch of the dungeon, and saw 7 of its levels.

You collected 276 gold pieces.

Inventory:

Hand Weapons
 a - a +1 flail
 g - a +2 vorpal hunting sling
 s - the +12 whip "Usa Nafo" (weapon) {venom, rF+ rC- Will+ Int+4}
   (You took it off an orc on level 4 of the Dungeon)

   It poisons the flesh of those it strikes.
   Int:       It affects your intelligence (+4).
   rF:        It protects you from fire.
   rC:        It makes you vulnerable to cold.
   Will:      It increases your willpower.
Missiles
 p - 5 boomerangs (quivered)
 x - a throwing net
Armour
 d - a scarf of invisibility
 o - a +2 kite shield (worn)
 v - a +0 cloak (worn)
 w - a +3 chain mail of positive energy (worn)
Jewellery
 f - an amulet of regeneration (around neck)
 k - an amulet of faith
 n - a ring of willpower (left hand)
 q - a ring of positive energy (right hand)
Wands
 r - a wand of paralysis (12)
Scrolls
 i - 2 scrolls of identify
 l - a scroll of amnesia
 t - 2 scrolls of teleportation {unknown}
 B - a scroll of acquirement
Potions
 b - a potion of resistance
 c - 2 potions of curing
 e - 2 potions of cancellation
 h - 2 potions of invisibility
 j - 3 potions of attraction
 m - a potion of mutation
 u - 2 potions of flight
 z - a potion of brilliance
 A - 2 potions of haste


   Skills:
 * Level 7.2 Fighting
 * Level 6.0 Maces & Flails
 + Level 5.6 Armour
 + Level 3.0 Dodging
 + Level 5.5 Shields


You had 7 spell levels left.
You didn't know any spells.
Your spell library contained the following spells:

 Spells                   Type           Power      Damage    Failure   Level
 Summon Small Mammal      Summ           0%         N/A       100%        1
 Blink                    Tloc           0%         N/A       100%        2
 Ensorcelled Hibernation  Hex/Ice        0%         N/A       100%        2
 Passwall                 Tmut/Erth      0%         N/A       100%        2
 Swiftness                Air            0%         N/A       100%        3
 Manifold Assault         Tloc           0%         N/A       100%        5
 Storm Form               Tmut/Air       0%         N/A       100%        7


Dungeon Overview and Level Annotations

Branches:
Dungeon (6/15)
 Temple: D:4-7

Altars:
Elyvilon
Beogh

Shops:
D:5 **


Innate Abilities, Weirdness & Mutations

You are immune to sickness and miasma.
Your stone body is resilient. (AC +5)
You are immune to poison.
You resist negative energy. (rN+)
You are resistant to electric shocks. (rElec)
You are resistant to unholy torment.
You are immune to petrification.
You have a pair of small horns on your head.
Your spells are a little harder to cast, but a little more powerful.


Message History

Things that are here:
a +0 trident; a +0 leather armour
Things that are here:
a +0 club; a +0 ring mail
Items here: (( )))))) †.
Items here: ( )) [.
Things that are here:
a +0 dagger; a +0 short sword; 2 poisoned darts
u - 2 potions of flight (gained 1)
t - 2 scrolls labelled NASOBI HAEQUD (gained 1)
A two-headed ogre comes into view.
It is wielding a +0 giant club and a +0 great mace.
The two-headed ogre shouts in stereo!
A two-headed ogre is nearby!
You hit the two-headed ogre.
The two-headed ogre is poisoned.
The two-headed ogre is lightly wounded.
The two-headed ogre hits you with a +0 giant club!!
Ouch! That really hurt!
The two-headed ogre hits you with a +0 great mace!
* * * LOW HITPOINT WARNING * * *
You are too injured to fight recklessly!
You are too injured to fight recklessly!
You are too injured to fight recklessly!
You are too injured to fight recklessly!
You are too injured to fight recklessly!
You are too injured to fight recklessly!
You are too injured to fight recklessly!
You are too injured to fight recklessly!
You are too injured to fight recklessly!
You are too injured to fight recklessly!
You are too injured to fight recklessly!
You are too injured to fight recklessly!
Sorry, you're not good enough to have a special ability.
You whack the two-headed ogre!
The two-headed ogre looks as sick as possible!
Your headbutt misses the two-headed ogre.
The two-headed ogre is moderately wounded.
You barely miss the two-headed ogre.
The two-headed ogre is moderately wounded.
The two-headed ogre hits you with a +0 giant club!!
You die...

## ## .## ##...
..###..... ..#......
##O.......
##.@.......
##..........
#...........
##..........
##......... #####
#......... ###...##
##......... .
#......###..........
..
#.......##.........
...


You could see a two-headed ogre (extremely poisoned).

Vanquished Creatures
  The ghost of holysushi the Cutter, an amateur OpAr (D:4)
  Sigmund (D:3)
  Edmund (D:5)
  An orc warrior (D:8)
  An ogre (D:4)
  A black bear (D:4)
  A kobold brigand (D:8)
  A phantom (D:5)
  A bullfrog (D:6)
  A scorpion (D:5)
  6 hounds
  A jelly (D:6)
  An orc priest (D:4)
  Crazy Yiuf (D:3)
  Terence (D:3)
  An iguana (D:4)
  2 orc wizards (D:5)
  10 adders
  2 worms
  4 dart slugs
  20 orcs
  4 ball pythons
  10 endoplasms
  3 goblins
  7 hobgoblins
  A quokka (D:2)
  7 bats
  2 frilled lizards (D:1)
  16 kobolds
  5 rats
114 creatures vanquished.

Notes
Turn   | Place    | Note
-------+----------+-------------------------------------------
     0 | D:1      | sammy202020 the Gargoyle Fighter began the quest for the
                  | Orb.
     0 | D:1      | Reached XP level 1. HP: 14/14 MP: 1/1
   117 | D:1      | Reached XP level 2. HP: 15/19 MP: 2/2
   122 | D:1      | Found a faded altar of an unknown god.
   126 | D:1      | Got Plato's Reference Book on Calling
   322 | D:1      | Reached XP level 3. HP: 24/24 MP: 3/3
   883 | D:2      | Reached XP level 4. HP: 29/29 MP: 4/4
  1070 | D:2      | Reached skill level 4 in Fighting
  1348 | D:3      | Noticed Sigmund
  1351 | D:3      | Noticed Terence
  1365 | D:3      | Killed Sigmund
  1366 | D:3      | Reached skill level 1 in Dodging
  1366 | D:3      | Reached XP level 5. HP: 25/34 MP: 5/5
  1366 | D:3      | Reached XP level 6. HP: 29/39 MP: 6/6
  1371 | D:3      | Killed Terence
  1675 | D:3      | Gained mutation: You tend to lose your temper in combat.
                  | [potion of mutation]
  1676 | D:3      | Lost mutation: You tend to lose your temper in combat.
                  | [potion of mutation]
  1676 | D:3      | Gained mutation: You have a pair of small horns on your
                  | head. [potion of mutation]
  1676 | D:3      | Gained mutation: Your spells are a little harder to cast,
                  | but a little more powerful. [potion of mutation]
  1848 | D:3      | Found a runed translucent door.
  1849 | D:3      | Noticed Crazy Yiuf
  2309 | D:3      | Killed Crazy Yiuf
  2429 | D:4      | Reached skill level 5 in Fighting
  2435 | D:4      | Reached XP level 7. HP: 44/44 MP: 7/7
  2487 | D:4      | Found a runed translucent gate.
  2488 | D:4      | Found a runed translucent gate.
  2489 | D:4      | Found a runed translucent gate.
  2489 | D:4      | Noticed holysushi's ghost (amateur OpAr)
  2493 | D:4      | Identified the +12 whip "Usa Nafo" {venom, rF+ rC- Will+
                  | Int+4}
  2526 | D:4      | Killed holysushi's ghost
  3020 | D:4      | Found a white marble altar of Elyvilon.
  3072 | D:5      | Entered Level 5 of the Dungeon
  3096 | D:5      | Reached skill level 6 in Fighting
  3096 | D:5      | Reached skill level 5 in Maces & Flails
  3096 | D:5      | Reached skill level 5 in Armour
  3096 | D:5      | Reached XP level 8. HP: 48/51 MP: 8/8
  3113 | D:5      | Noticed Edmund
  3125 | D:5      | Killed Edmund
  3126 | D:5      | Reached skill level 5 in Shields
  3336 | D:5      | Found Tokiratoan's General Store.
  3338 | D:5      | Found Orajoyl's Specific Store.
  3520 | D:5      | Identified a scroll of acquirement
  3815 | D:6      | You fall into a shaft and drop 2 floors!
  4026 | D:8      | Reached skill level 7 in Fighting
  4116 | D:8      | Noticed a two-headed ogre
  4119 | D:8      | Mangled by a two-headed ogre

Illustrated notes

Levels and vault maps discovered:
D:1:      minmay_arrival_radiant_lines, layout_rooms,
          shapermc_ecumenical_altar_rom_forum
D:2:      layout_loops_ring, kennysheep_big_empty_room
D:3:      layout_basic, kennysheep_potato, uniq_sigmund, uniq_terence,
          uniq_crazy_yiuf_cottage
D:4:      layout_cave_pools, nicolae_elyvilon_temple_path,
          biasface_ghost_orc_armoury
D:5:      layout_rooms, eino_small_chamber_without_monster,
          nicolae_specific_store, uniq_edmund
D:6:      layout_loops_cross
D:8:      layout_cave_pods, dpeg_lair_monsters, uniq_joseph

Skill      XL: |  1  2  3  4  5  6  7  8 |
---------------+-------------------------+-----
Fighting       | 4 5 6 7 |  7.2
Maces & Flails | 3 4 5 6 |  6.0
Armour         | 4 5 |  5.6
Dodging        | 1 2 3 |  3.0
Shields        | 4 5 |  5.5

Action                   |  1- 3 |  4- 6 |  7- 9 || total
-------------------------+-------+-------+-------++-------
Melee: Flail             |   133 |   108 |    21 ||   262
       Headbutt          |       |     4 |    16 ||    20
       Whip              |       |       |   110 ||   110
  Use: Scroll            |     6 |     7 |     9 ||    22
       Potion            |     1 |     4 |     2 ||     7
Armor: Scale mail        |   110 |    20 |       ||   130
       Chain mail        |       |    31 |    86 ||   117
Dodge: Dodged            |    65 |    29 |    34 ||   128
Block: Buckler           |     5 |       |       ||     5
       Kite shield       |    59 |    47 |    79 ||   185

Table legend: (Time is in decaauts)
 A = Elapsed time spent in this place.
 B = Non-inter-level travel time spent in this place.
 C = Inter-level travel time spent in this place.
 D = Time resting spent in this place.
 E = Time spent auto-exploring this place.
 F = Levels seen in this place.
 G = Mean time per level.
                   A        B        C        D        E       F      G
               +--------+--------+--------+--------+--------+-----+--------+
         Total |   4223 |   4198 |     25 |    100 |   2868 |   7 |  603.3 |
       Dungeon |   4223 |   4198 |     25 |    100 |   2868 |   7 |  603.3 |
               +--------+--------+--------+--------+--------+-----+--------+

Top non-repeatable levels by time:
     D:3: 1241 daAuts
     D:2: 729 daAuts
     D:4: 663 daAuts
     D:5: 566 daAuts
     D:1: 543 daAuts
     D:8: 302 daAuts
     D:6: 176 daAuts
